[ AOE2 MATCH · #474570839 ]
Team RMEthiopians vs Franks
[ REPLAY ANALYSIS · EXTRACTED FROM THE RECORDED GAME ]
Feudal
—
Castle
—
Imperial
—
| APM avg | 7.1 |
| APM peak | 17 |
| eAPM avg | 5.9 |
| Villagers / military | 38 / 8 |
Focus
⚔️ 13.3% · 🌾 86.7%
Archer ×4 · Spearman ×3 · Militia ×1
Feudal
16:47
Castle
—
Imperial
—
| APM avg | 15.8 |
| APM peak | 24 |
| eAPM avg | 8.1 |
| Villagers / military | 39 / 15 |
Focus
⚔️ 18.0% · 🌾 82.0%
Militia ×12 · Archer ×3
Feudal
—
Castle
—
Imperial
—
| APM avg | 54.6 |
| APM peak | 176 |
| eAPM avg | 53.0 |
| Villagers / military | 40 / 13 |
Focus
⚔️ 2.1% · 🌾 97.9%
Archer ×7 · Militia ×6
Feudal
14:20
Castle
20:10
Imperial
—
| APM avg | 10.7 |
| APM peak | 21 |
| eAPM avg | 7.4 |
| Villagers / military | 41 / 6 |
Focus
⚔️ 10.7% · 🌾 89.3%
Archer ×3 · Skirmisher ×3
Feudal
15:20
Castle
20:52
Imperial
—
| APM avg | 10.1 |
| APM peak | 23 |
| eAPM avg | 8.2 |
| Villagers / military | 52 / 20 |
Focus
⚔️ 13.5% · 🌾 86.5%
Militia ×17 · Archer ×3 · Trade Cart ×1
Feudal
—
Castle
—
Imperial
—
| APM avg | 9.3 |
| APM peak | 24 |
| eAPM avg | 7.5 |
| Villagers / military | 48 / 20 |
Focus
⚔️ 13.6% · 🌾 86.4%
Scout Cavalry ×20
Match map
Initial resources + every placement click. Lines = walls · curves = elevation contours. ◆ gold · ⬟ stone · ● berries · ✦ relic · ◌ wall gap
Inputs per minute
— Kriptonight5010 - - butyugov.gp
Build order — Kriptonight5010
79 actions detected in the replay
| 0:11 | Build | Palisade Wall |
| 0:20 | Create | Villager (Male) ×4 |
| 0:20 | Create | Villager (Male) |
| 0:24 | Build | House |
| 0:24 | Build | House |
| 0:25 | Build | House |
| 0:25 | Build | House |
| 0:25 | Build | House |
| 0:26 | Build | House |
| 1:02 | Build | Palisade Wall |
| 1:54 | Create | Villager (Male) |
| 1:54 | Create | Villager (Male) |
| 2:43 | Create | Villager (Male) |
| 3:33 | Create | Villager (Male) |
| 3:38 | Build | House |
| 3:48 | Create | Villager (Male) |
| 4:16 | Build | House |
| 4:19 | Create | Villager (Male) |
| 4:52 | Research | Loom |
| 4:53 | Create | Villager (Male) |
| 5:17 | Create | Villager (Male) |
| 5:17 | Create | Villager (Male) |
| 5:18 | Create | Villager (Male) |
| 5:18 | Create | Villager (Male) |
| 6:31 | Create | Villager (Male) |
| 6:31 | Create | Villager (Male) |
| 6:32 | Create | Villager (Male) |
| 6:32 | Create | Villager (Male) |
| 7:30 | Create | Villager (Male) |
| 7:41 | Research | Loom |
| 7:42 | Create | Villager (Male) |
| 7:43 | Create | Villager (Male) |
| 8:25 | Build | Lumber Camp |
| 8:37 | Create | Villager (Male) |
| 8:37 | Create | Villager (Male) |
| 9:36 | Build | House |
| 10:24 | Build | Barracks |
| 10:34 | Build | Mill |
| 10:42 | Create | Villager (Male) ×6 |
| 10:43 | Create | Villager (Male) |
| 11:06 | Build | House |
| 11:57 | Create | Villager (Male) |
| 12:10 | Build | House |
| 12:48 | Create | Villager (Male) |
| 12:49 | Create | Villager (Male) |
| 13:07 | Build | Mining Camp |
| 13:32 | Build | Outpost |
| 14:11 | Create | Villager (Male) |
| 14:11 | Create | Villager (Male) |
| 14:11 | Create | Villager (Male) |
| 14:34 | Build | House |
| 15:18 | Build | Farm |
| 15:22 | Build | Farm |
| 15:27 | Build | Farm |
| 15:32 | Build | Farm |
| 15:37 | Build | Farm |
| 15:42 | Build | Farm |
| 15:46 | Build | Farm |
| 15:53 | Build | Farm |
| 15:58 | Build | Farm |
| 16:04 | Build | Farm |
| 16:11 | Build | Farm |
| 16:15 | Build | Farm |
| 16:20 | Build | Farm |
| 16:26 | Build | Farm |
| 16:32 | Build | Farm |
| 16:38 | Build | Farm |
| 16:41 | Build | Farm |
| 16:54 | Build | House |
| 17:05 | Research | Feudal Age |
| 19:31 | Build | Archery Range |
| 19:48 | Create | Spearman |
| 19:52 | Create | Militia |
| 19:53 | Create | Spearman |
| 19:55 | Create | Spearman |
| 20:25 | Create | Archer |
| 20:25 | Create | Archer |
| 20:26 | Create | Archer |
| 20:27 | Create | Archer |
Build order — butyugov.gp
62 actions detected in the replay
| 0:04 | Create | Villager (Male) ×4 |
| 0:24 | Research | Loom |
| 1:43 | Create | Villager (Male) |
| 2:08 | Create | Villager (Male) |
| 2:37 | Create | Villager (Male) |
| 3:00 | Create | Villager (Male) |
| 4:06 | Create | Villager (Male) |
| 4:36 | Create | Villager (Male) |
| 4:55 | Create | Villager (Male) ×4 |
| 5:18 | Create | Villager (Male) |
| 6:30 | Create | Villager (Male) ×5 |
| 7:27 | Create | Villager (Male) ×5 |
| 8:51 | Build | Mill |
| 9:19 | Build | Lumber Camp |
| 10:27 | Create | Villager (Male) ×5 |
| 10:43 | Build | Barracks |
| 10:46 | Build | Mining Camp |
| 12:39 | Create | Villager (Male) |
| 12:39 | Create | Villager (Male) |
| 12:40 | Create | Villager (Male) |
| 12:44 | Research | Feudal Age |
| 12:46 | Create | Militia ×2 |
| 13:34 | Create | Militia ×2 |
| 14:00 | Create | Militia ×4 |
| 14:33 | Create | Militia |
| 14:33 | Create | Militia |
| 14:44 | Build | Farm |
| 14:45 | Build | Farm |
| 14:46 | Build | Farm |
| 14:47 | Build | Farm |
| 14:48 | Build | Farm |
| 14:50 | Build | Farm |
| 14:52 | Build | Farm |
| 14:54 | Build | Farm |
| 14:56 | Build | Farm |
| 14:57 | Build | Farm |
| 14:59 | Build | Farm |
| 15:00 | Build | Farm |
| 15:34 | Create | Villager (Male) |
| 15:35 | Create | Villager (Male) |
| 16:30 | Create | Militia |
| 16:30 | Create | Militia |
| 16:47 | Age | Feudal Age |
| 16:54 | Build | Archery Range |
| 16:58 | Build | Stable |
| 17:05 | Research | Man-at-Arms (upgrade) |
| 17:06 | Research | Arson |
| 17:39 | Create | Archer ×3 |
| 17:49 | Build | Mining Camp |
| 18:02 | Create | Villager (Male) |
| 18:02 | Create | Villager (Male) |
| 18:05 | Research | Horse Collar |
| 18:48 | Build | Farm |
| 18:50 | Build | Farm |
| 18:51 | Build | Farm |
| 18:52 | Build | Farm |
| 19:05 | Research | Stone Mining |
| 19:11 | Create | Villager (Male) |
| 19:11 | Create | Villager (Male) |
| 20:06 | Build | Barracks |
| 20:08 | Build | Archery Range |
| 20:11 | Research | Castle Age |
Build order — YoungXanax
94 actions detected in the replay
| 0:05 | Build | House |
| 0:12 | Build | House |
| 0:26 | Build | House |
| 0:31 | Create | Villager (Male) |
| 0:32 | Create | Villager (Male) |
| 0:32 | Create | Villager (Male) |
| 0:32 | Create | Villager (Male) |
| 1:02 | Build | Lumber Camp |
| 1:20 | Build | Palisade Wall |
| 1:25 | Create | Villager (Male) |
| 2:17 | Create | Villager (Male) |
| 3:04 | Create | Villager (Male) |
| 3:05 | Create | Villager (Male) |
| 3:43 | Create | Villager (Male) |
| 4:06 | Create | Villager (Male) |
| 5:10 | Build | House |
| 5:17 | Build | Mill |
| 5:24 | Create | Villager (Male) |
| 5:25 | Create | Villager (Male) |
| 5:49 | Create | Villager (Male) |
| 6:35 | Create | Villager (Male) |
| 6:36 | Create | Villager (Male) |
| 7:14 | Create | Villager (Male) |
| 7:16 | Create | Villager (Male) |
| 7:43 | Build | House |
| 8:28 | Create | Villager (Male) |
| 8:57 | Build | Mill |
| 9:25 | Research | Feudal Age |
| 9:53 | Create | Villager (Male) |
| 10:06 | Build | Barracks |
| 10:23 | Build | Palisade Wall |
| 10:46 | Create | Villager (Male) |
| 11:01 | Build | House |
| 11:04 | Build | House |
| 11:13 | Create | Villager (Male) |
| 11:34 | Research | Horse Collar |
| 11:44 | Create | Villager (Male) |
| 11:46 | Create | Villager (Male) |
| 11:47 | Create | Villager (Male) |
| 11:56 | Build | Farm |
| 11:57 | Build | Farm |
| 11:58 | Build | Farm |
| 11:59 | Build | Farm |
| 11:59 | Build | Farm |
| 11:59 | Build | Farm |
| 12:00 | Build | Farm |
| 12:09 | Build | Farm |
| 12:18 | Create | Villager (Male) |
| 12:27 | Build | House |
| 12:29 | Build | House |
| 13:00 | Create | Villager (Male) |
| 13:48 | Build | Market |
| 13:54 | Create | Villager (Male) |
| 13:56 | Create | Villager (Male) |
| 14:04 | Build | Farm |
| 14:04 | Build | Farm |
| 14:05 | Build | Farm |
| 14:05 | Build | Farm |
| 14:07 | Build | Farm |
| 14:32 | Build | House |
| 14:36 | Build | House |
| 14:40 | Build | House |
| 14:45 | Build | Farm |
| 15:12 | Build | Mining Camp |
| 15:22 | Create | Villager (Male) |
| 15:26 | Create | Villager (Male) |
| 15:28 | Create | Villager (Male) |
| 15:31 | Create | Villager (Male) |
| 15:32 | Create | Villager (Male) |
| 15:50 | Research | Double-Bit Axe |
| 16:30 | Build | Blacksmith |
| 16:36 | Create | Villager (Male) |
| 16:56 | Create | Villager (Male) |
| 17:13 | Build | Barracks |
| 17:36 | Create | Militia |
| 17:37 | Create | Militia |
| 17:37 | Create | Militia |
| 17:37 | Create | Militia |
| 17:38 | Create | Militia |
| 17:38 | Create | Militia |
| 17:52 | Build | Archery Range |
| 17:58 | Build | Archery Range |
| 18:31 | Create | Villager (Male) |
| 18:32 | Create | Villager (Male) |
| 19:14 | Create | Villager (Male) |
| 19:14 | Create | Villager (Male) |
| 19:14 | Create | Villager (Male) |
| 19:18 | Create | Archer |
| 19:18 | Create | Archer |
| 19:19 | Create | Archer |
| 19:20 | Create | Archer |
| 20:14 | Create | Archer |
| 20:14 | Create | Archer |
| 20:14 | Create | Archer |
Build order — Ganz
90 actions detected in the replay
| 0:04 | Create | Villager (Male) |
| 0:05 | Create | Villager (Male) |
| 0:05 | Create | Villager (Male) |
| 0:05 | Create | Villager (Male) |
| 0:05 | Create | Villager (Male) |
| 0:37 | Build | House |
| 1:16 | Research | Loom |
| 1:50 | Build | House |
| 2:01 | Build | House |
| 2:28 | Create | Villager (Male) |
| 2:29 | Create | Villager (Male) |
| 2:41 | Create | Villager (Male) |
| 3:04 | Build | Lumber Camp |
| 3:09 | Create | Villager (Male) |
| 3:42 | Create | Villager (Male) |
| 3:42 | Create | Villager (Male) |
| 5:04 | Create | Villager (Male) |
| 5:04 | Create | Villager (Male) |
| 5:05 | Create | Villager (Male) |
| 5:23 | Create | Villager (Male) |
| 5:45 | Create | Villager (Male) |
| 5:45 | Create | Villager (Male) |
| 6:24 | Create | Villager (Male) |
| 6:24 | Create | Villager (Male) |
| 6:48 | Build | House |
| 6:53 | Build | House |
| 7:28 | Create | Villager (Male) |
| 7:28 | Create | Villager (Male) |
| 7:29 | Create | Villager (Male) |
| 7:36 | Create | Villager (Male) |
| 7:36 | Create | Villager (Male) |
| 7:54 | Build | Mill |
| 8:12 | Build | Mill |
| 8:21 | Create | Villager (Male) |
| 8:21 | Create | Villager (Male) |
| 8:44 | Create | Villager (Male) |
| 8:44 | Create | Villager (Male) |
| 9:07 | Create | Villager (Male) |
| 9:36 | Create | Villager (Male) |
| 9:36 | Create | Villager (Male) |
| 10:07 | Build | House |
| 10:10 | Build | House |
| 10:45 | Build | Barracks |
| 10:58 | Research | Feudal Age |
| 11:29 | Build | Farm |
| 11:36 | Build | Farm |
| 12:01 | Build | Mining Camp |
| 12:16 | Build | Farm |
| 12:17 | Build | Farm |
| 12:19 | Build | Farm |
| 12:33 | Build | Farm |
| 12:51 | Build | Lumber Camp |
| 13:54 | Build | Farm |
| 13:56 | Build | Farm |
| 14:13 | Build | Farm |
| 14:14 | Build | Farm |
| 14:20 | Age | Feudal Age |
| 14:28 | Research | Double-Bit Axe |
| 14:41 | Build | Stable |
| 14:52 | Create | Villager (Male) |
| 14:52 | Create | Villager (Male) |
| 15:23 | Create | Villager (Male) |
| 15:26 | Create | Villager (Male) |
| 15:55 | Build | Archery Range |
| 16:16 | Build | Farm |
| 16:18 | Build | Farm |
| 16:20 | Build | Farm |
| 16:40 | Create | Villager (Male) |
| 16:41 | Create | Villager (Male) |
| 17:05 | Research | Castle Age |
| 17:34 | Build | Stone Wall |
| 17:39 | Build | Building 490 |
| 17:46 | Create | Archer |
| 17:46 | Create | Archer |
| 17:46 | Create | Archer |
| 18:02 | Create | Skirmisher |
| 18:03 | Create | Skirmisher |
| 18:03 | Create | Skirmisher |
| 18:35 | Build | Blacksmith |
| 19:00 | Build | Market |
| 19:12 | Research | Gold Mining |
| 19:37 | Build | House |
| 20:08 | Build | House |
| 20:10 | Age | Castle Age |
| 20:28 | Build | Town Center |
| 20:32 | Create | Villager (Male) |
| 20:32 | Create | Villager (Male) |
| 20:33 | Create | Villager (Male) |
| 20:37 | Research | Bow Saw |
| 20:50 | Create | Villager (Male) |
Build order — asl_amsterdam
113 actions detected in the replay
| 0:05 | Research | Loom |
| 0:05 | Create | Villager (Male) |
| 0:06 | Create | Villager (Male) |
| 0:06 | Create | Villager (Male) |
| 0:06 | Create | Villager (Male) |
| 0:06 | Create | Villager (Male) |
| 0:07 | Create | Villager (Male) |
| 0:27 | Build | House |
| 0:28 | Build | House |
| 0:30 | Build | House |
| 0:31 | Build | House |
| 0:32 | Build | House |
| 2:20 | Create | Villager (Male) |
| 2:20 | Create | Villager (Male) |
| 2:26 | Create | Villager (Male) |
| 2:52 | Create | Villager (Male) |
| 3:22 | Create | Villager (Male) |
| 3:22 | Create | Villager (Male) |
| 3:22 | Create | Villager (Male) |
| 3:50 | Create | Villager (Male) |
| 3:51 | Create | Villager (Male) |
| 3:51 | Create | Villager (Male) |
| 4:02 | Create | Villager (Male) |
| 4:10 | Build | Mill |
| 4:20 | Create | Villager (Male) |
| 4:48 | Create | Villager (Male) |
| 4:48 | Create | Villager (Male) |
| 4:49 | Create | Villager (Male) |
| 4:49 | Create | Villager (Male) |
| 5:26 | Create | Villager (Male) |
| 5:27 | Create | Villager (Male) |
| 5:27 | Create | Villager (Male) |
| 5:27 | Create | Villager (Male) |
| 5:53 | Build | Lumber Camp |
| 6:01 | Create | Villager (Male) |
| 6:01 | Create | Villager (Male) |
| 6:01 | Create | Villager (Male) |
| 6:23 | Create | Villager (Male) |
| 6:23 | Create | Villager (Male) |
| 6:24 | Create | Villager (Male) |
| 6:45 | Create | Villager (Male) |
| 6:46 | Create | Villager (Male) |
| 6:46 | Create | Villager (Male) |
| 6:46 | Create | Villager (Male) |
| 6:50 | Create | Villager (Male) |
| 7:33 | Build | Farm |
| 7:44 | Create | Villager (Male) |
| 7:44 | Create | Villager (Male) |
| 7:45 | Create | Villager (Male) |
| 7:45 | Create | Villager (Male) |
| 7:55 | Build | Mining Camp |
| 8:24 | Build | Mill |
| 8:51 | Create | Villager (Male) |
| 8:51 | Create | Villager (Male) |
| 8:51 | Create | Villager (Male) |
| 9:02 | Build | Farm |
| 9:12 | Build | House |
| 9:14 | Build | House |
| 9:16 | Build | House |
| 9:18 | Build | House |
| 9:20 | Build | House |
| 9:39 | Create | Villager (Male) |
| 9:39 | Create | Villager (Male) |
| 9:39 | Create | Villager (Male) |
| 9:39 | Create | Villager (Male) |
| 10:52 | Build | Farm |
| 11:39 | Build | Farm |
| 12:09 | Research | Feudal Age |
| 12:35 | Build | Barracks |
| 13:22 | Build | Farm |
| 13:29 | Build | Lumber Camp |
| 14:38 | Create | Militia |
| 14:38 | Create | Militia |
| 14:48 | Build | Barracks |
| 15:04 | Create | Villager (Male) |
| 15:05 | Create | Villager (Male) |
| 15:15 | Build | Farm |
| 15:16 | Build | Farm |
| 15:18 | Build | Farm |
| 15:20 | Build | Farm |
| 15:20 | Age | Feudal Age |
| 15:22 | Build | Farm |
| 15:24 | Build | Farm |
| 15:26 | Build | Farm |
| 15:28 | Build | Farm |
| 15:33 | Build | Farm |
| 15:50 | Build | Blacksmith |
| 16:15 | Research | Man-at-Arms (upgrade) |
| 16:16 | Research | Arson |
| 16:17 | Create | Militia |
| 16:17 | Create | Militia |
| 17:18 | Build | Market |
| 17:22 | Create | Villager (Male) |
| 17:39 | Create | Villager (Male) |
| 18:02 | Build | Mining Camp |
| 18:10 | Research | Castle Age |
| 18:26 | Build | Farm |
| 18:52 | Build | Farm |
| 19:00 | Create | Militia |
| 19:01 | Create | Militia |
| 19:01 | Create | Militia |
| 19:01 | Create | Militia |
| 19:36 | Build | Archery Range |
| 20:05 | Create | Trade Cart |
| 20:38 | Create | Archer |
| 20:39 | Create | Archer |
| 20:39 | Create | Archer |
| 20:52 | Age | Castle Age |
| 20:58 | Research | Long Swordsman (upgrade) |
| 20:59 | Create | Militia ×3 |
| 20:59 | Create | Militia ×3 |
| 20:59 | Create | Militia ×3 |
| 21:18 | Build | Siege Workshop |
Build order — Colossal Shogun
95 actions detected in the replay
| 0:09 | Build | House |
| 0:11 | Research | Loom |
| 0:11 | Create | Villager (Male) |
| 0:12 | Create | Villager (Male) ×3 |
| 0:12 | Create | Villager (Male) |
| 0:18 | Create | Villager (Male) |
| 0:18 | Create | Villager (Male) |
| 0:46 | Build | House |
| 1:23 | Create | Villager (Male) |
| 1:23 | Create | Villager (Male) |
| 2:16 | Build | Lumber Camp |
| 2:21 | Create | Villager (Male) |
| 2:22 | Create | Villager (Male) |
| 3:00 | Create | Villager (Male) |
| 3:00 | Create | Villager (Male) |
| 3:51 | Create | Villager (Male) |
| 3:52 | Create | Villager (Male) |
| 3:52 | Create | Villager (Male) |
| 4:22 | Build | House |
| 4:25 | Create | Villager (Male) |
| 4:25 | Create | Villager (Male) |
| 4:58 | Build | House |
| 5:36 | Build | Mill |
| 5:47 | Create | Villager (Male) |
| 5:47 | Create | Villager (Male) |
| 5:53 | Create | Villager (Male) |
| 5:53 | Create | Villager (Male) |
| 6:11 | Create | Villager (Male) |
| 6:11 | Create | Villager (Male) |
| 6:22 | Build | House |
| 7:00 | Build | Farm |
| 7:02 | Create | Villager (Male) |
| 7:02 | Create | Villager (Male) |
| 7:09 | Build | Farm |
| 7:23 | Build | Farm |
| 7:32 | Build | Farm |
| 8:01 | Build | Farm |
| 8:45 | Create | Villager (Male) |
| 8:45 | Create | Villager (Male) |
| 9:03 | Create | Villager (Male) |
| 9:19 | Create | Villager (Male) |
| 9:25 | Create | Villager (Male) |
| 9:39 | Create | Villager (Male) |
| 9:47 | Build | Farm |
| 9:51 | Build | Farm |
| 9:55 | Build | Farm |
| 10:01 | Build | Farm |
| 10:06 | Build | Farm |
| 10:39 | Build | Farm |
| 11:01 | Build | Farm |
| 11:07 | Research | Feudal Age |
| 11:47 | Build | Mining Camp |
| 12:17 | Create | Villager (Male) ×6 |
| 12:17 | Create | Villager (Male) |
| 13:25 | Research | Wheelbarrow |
| 13:29 | Research | Horse Collar |
| 13:33 | Research | Double-Bit Axe |
| 13:58 | Build | Market |
| 14:23 | Build | Barracks |
| 14:27 | Create | Villager (Male) |
| 14:36 | Research | Gold Mining |
| 14:48 | Build | Mill |
| 14:51 | Create | Villager (Male) |
| 14:51 | Create | Villager (Male) |
| 15:05 | Create | Villager (Male) |
| 15:10 | Create | Villager (Male) |
| 15:30 | Build | House |
| 15:31 | Build | House |
| 15:31 | Build | House |
| 15:32 | Build | House |
| 15:52 | Create | Villager (Male) |
| 15:53 | Create | Villager (Male) |
| 16:41 | Build | Stable |
| 16:42 | Build | Stable |
| 16:51 | Build | House |
| 16:54 | Create | Villager (Male) |
| 16:54 | Create | Villager (Male) |
| 17:12 | Build | Farm |
| 17:24 | Build | Farm |
| 17:33 | Build | Farm |
| 17:57 | Build | Blacksmith |
| 18:22 | Research | Bloodlines |
| 18:23 | Create | Scout Cavalry ×6 |
| 18:23 | Create | Scout Cavalry |
| 18:54 | Create | Scout Cavalry ×3 |
| 18:54 | Create | Scout Cavalry |
| 19:10 | Build | Stable |
| 19:21 | Create | Scout Cavalry ×2 |
| 19:21 | Create | Scout Cavalry |
| 19:43 | Research | Scale Barding Armor |
| 20:12 | Build | Farm |
| 20:17 | Create | Scout Cavalry |
| 20:17 | Create | Scout Cavalry |
| 20:55 | Create | Scout Cavalry ×3 |
| 20:55 | Create | Scout Cavalry |
Match timeline
| 0:11 | Kriptonight5010 · wall_segment Palisade Wall x17 |
| 1:02 | Kriptonight5010 · wall_segment Palisade Wall x4 |
| 1:20 | YoungXanax · wall_segment Palisade Wall x13 |
| 10:06 | YoungXanax · first_building Barracks |
| 10:23 | YoungXanax · wall_segment Palisade Wall x1 |
| 10:24 | Kriptonight5010 · first_building Barracks |
| 10:43 | butyugov.gp · first_building Barracks |
| 10:45 | Ganz · first_building Barracks |
| 12:35 | asl_amsterdam · first_building Barracks |
| 14:20 | Ganz · age_up feudal |
| 14:23 | Colossal Shogun · first_building Barracks |
| 14:41 | Ganz · first_building Stable |
| 15:20 | asl_amsterdam · age_up feudal |
| 15:55 | Ganz · first_building Archery Range |
| 16:41 | Colossal Shogun · first_building Stable |
| 16:47 | butyugov.gp · age_up feudal |
| 16:54 | butyugov.gp · first_building Archery Range |
| 16:58 | butyugov.gp · first_building Stable |
| 17:34 | Ganz · wall_segment Stone Wall x22 |
| 17:52 | YoungXanax · first_building Archery Range |
| 19:31 | Kriptonight5010 · first_building Archery Range |
| 19:36 | asl_amsterdam · first_building Archery Range |
| 20:10 | Ganz · age_up castle |
| 20:52 | asl_amsterdam · age_up castle |
| 21:18 | asl_amsterdam · first_building Siege Workshop |
| 21:29 | YoungXanax · resign |
[ AI ANALYSIS · 1 CREDIT ]
What really happened in this match?
Wolo.gg analyzes every decision: build order, eco, micro, common mistakes by bracket. Personalized analysis on WhatsApp or Discord in 30 seconds.
Civ guide
Ethiopians
Map guide
Black Forest
Perfil
Jugador #12472855